 Dungeon Crawl Stone Soup version 0.32-a0-931-g5a2cda0630 (webtiles) character file.

Game seed: 14853201460748312333

207 AutarchDCSS the Cutter (level 5, 0/47 HPs)
             Began as a Draconian Chaos Knight on Apr 13, 2024.
             Was a Plaything of Xom.
             Slain by a gnoll
             ... wielding a +0 halberd
              (11 damage)
             ... on level 3 of the Dungeon.
             The game lasted 00:04:49 (2864 turns).

AutarchDCSS the Cutter (Draconian Chaos Knight)     Turns: 2864, Time: 00:04:50

Health: 0/47       AC:  5    Str: 14    XL:     5   Next: 54%
Magic:  5/5        EV: 11    Int: 13    God:    Xom [......]
Gold:   117        SH:  0    Dex: 12    Spells: 4/4 levels left

rFire   . . .        b - +0 arbalest
rCold   . . .        (shield currently unavailable)
rNeg    . . .        (body armour unavailable)
rPois   .            (helmet restricted)
rElec   .            (no cloak)
rCorr   .            (no gloves)
SInv    .            (no boots)
Will    .....        (no amulet)
Stlth   +            (no ring)
HPRegen 0.27/turn    (no ring)
MPRegen 0.09/turn

%: no passive effects
@: no status effects
A: AC +5, unfitting armour, cold-blooded, deterioration 1
a: Renounce Religion


You were on level 3 of the Dungeon.
You worshipped Xom.
You were a very special plaything of Xom.
You visited 1 branch of the dungeon, and saw 3 of its levels.

You collected 117 gold pieces.

Inventory:

Hand Weapons
 a - a +0 short sword of chaos
 b - a +0 arbalest (weapon)
 i - a +0 sling
Jewellery
 c - a ring of ice
Wands
 o - a wand of warping (10)
Scrolls
 f - a scroll of identify {unknown}
 g - a scroll of fear {unknown}
 j - a scroll of revelation {unknown}
 l - a scroll of fog {unknown}
 n - a scroll of torment {unknown}
 p - a scroll of enchant weapon {unknown}
Potions
 e - 2 potions of haste {unknown}
 h - a potion of magic {unknown}
 k - a potion of cancellation {unknown}
 m - a potion of brilliance {unknown}
 q - a potion of degeneration {unknown}


   Skills:
 - Level 4.5 Fighting
 - Level 5.0 Short Blades
 + Level 2.0 Ranged Weapons
 - Level 2.1 Dodging


You had 4 spell levels left.
You didn't know any spells.
Your spell library contained the following spells:

 Spells                   Type           Power      Damage    Failure   Level
 Apportation              Tloc           0%         N/A       30%         1
 Necrotise                Necr           0%         1d4       30%         1
 Sting                    Conj/Alch      0%         1d3       30%         1
 Summon Small Mammal      Summ           0%         N/A       30%         1
 Summon Ice Beast         Ice/Summ       0%         N/A       67%         3
 Summon Mana Viper        Hex/Summ       0%         N/A       100%        5
 Monstrous Menagerie      Summ           0%         N/A       100%        7


Dungeon Overview and Level Annotations

Branches:
Dungeon (3/15)

Altars:

Shops:
D:1 (


Innate Abilities, Weirdness & Mutations

Your plain brown scales are hard. (AC +5)
You cannot fit into any form of body armour.
You are cold-blooded and may be slowed by cold attacks.
Your body sometimes deteriorates upon taking damage.


Message History

You are too injured to fight recklessly!
You shoot a bolt. The bolt hits the gnoll.
The gnoll is severely wounded.
The gnoll barely misses you. The gnoll closely misses you.
You shoot a bolt. The bolt hits the gnoll!
You kill the gnoll!
Your Ranged Weapons skill increases to level 2!
You start resting.
HP restored.
You start waiting.
You hear Xom's maniacal laughter.
There are monsters nearby!
The crimson imp blinks!
The chaos spawn pecks you!
You are engulfed in flames!
You climb downwards.
The gnoll hits you but does no damage. x2
There is a stone staircase leading up, spattered with blood here.
The gnoll closely misses you. The gnoll attacks as it pursues you!
The gnoll hits you from afar with a +0 halberd!
* * * LOW HITPOINT WARNING * * *
As you read the scroll of teleportation, it crumbles to dust.
You feel strangely unstable. The gnoll hits you but does no damage.
The gnoll closely misses you.
An orc comes into view. It is wielding a +0 whip.
The gnoll attacks as it pursues you! The gnoll closely misses you.
The gnoll attacks as it pursues you! The gnoll barely misses you.
Your surroundings suddenly seem different.
Fire: b) +0 arbalest
Press: ? - help, Q - select action, (/) - cycle Shift-Dir - straight line, f - gnoll
Aim: a gnoll, wielding a +0 halberd (58% to hit)
You shoot a bolt. The bolt barely misses the gnoll.
The gnoll hits you from afar with a +0 halberd.
* * * LOW HITPOINT WARNING * * *
Fire: b) +0 arbalest
Press: ? - help, Q - select action, (/) - cycle Shift-Dir - straight line, f/p - gnoll
Aim: a gnoll, wielding a +0 halberd (58% to hit)
You shoot a bolt. The bolt hits the gnoll!
The gnoll is almost dead.
The gnoll closely misses you.
The gnoll hits you from afar with a +0 halberd!
You die...

... #..........# ....
#..........# ....
#..........# )....
#..........### .....##
##.............
......##...........#
##.##.........##..##
.........#..#<....##
###....$...@gg###..####
####..#####.# #.....#
.....# #..###..#.....
g......# ##......# #o..
..g...... ######.. ..
......... #...
......... ...#.
.......... #.....
.......


You could see 2 gnolls.

Vanquished Creatures
  Natasha (thrice) (D:2)
  Robin (D:2)
  5 gnolls (D:2)
  2 ribbon worms (D:2)
  A dart slug (D:1)
  4 ball pythons
  2 endoplasms
  A giant cockroach (D:1)
  10 hobgoblins
  5 kobolds
  4 quokkas
  8 bats
  A frilled lizard (D:1)
  13 goblins
  7 rats
67 creatures vanquished.

Notes
Turn   | Place    | Note
-------+----------+-------------------------------------------
     0 | D:1      | AutarchDCSS the Draconian Chaos Knight began the quest for
                  | the Orb.
     0 | D:1      | Reached XP level 1. HP: 19/19 MP: 1/1
   217 | D:1      | XOM: divination: magic mapping
   220 | D:1      | Reached XP level 2. HP: 19/26 MP: 2/2
   670 | D:1      | Found Jyol's Antique Weapon Boutique.
   695 | D:1      | XOM: silly message
   914 | D:1      | XOM: divination: magic mapping
  1084 | D:2      | Reached XP level 3. HP: 31/33 MP: 3/3
  1169 | D:2      | XOM: god gift: 18 gold pieces
  1210 | D:2      | XOM: cloud trail
  1267 | D:2      | Noticed Natasha
  1278 | D:2      | Killed Natasha
  1279 | D:2      | Reached skill level 4 in Short Blades
  1364 | D:2      | Noticed Natasha
  1376 | D:2      | Killed Natasha
  1377 | D:2      | Reached XP level 4. HP: 31/40 MP: 4/4
  1511 | D:1      | XOM: give mutation
  1511 | D:1      | Gained mutation: You are robust. (+10% HP) [Xom's mischief]
  2138 | D:2      | Reached skill level 5 in Short Blades
  2138 | D:2      | Reached XP level 5. HP: 51/51 MP: 5/5
  2337 | D:2      | Noticed Robin
  2359 | D:2      | Killed Robin
  2384 | D:2      | Reached skill level 1 in Ranged Weapons
  2598 | D:2      | XOM: give mutation
  2598 | D:2      | Gained mutation: Your spells are a little harder to cast,
                  | but a little more powerful. [Xom's mischief]
  2604 | D:2      | Noticed Natasha
  2607 | D:2      | XOM: give mutations
  2607 | D:2      | Gained mutation: Your body sometimes deteriorates upon
                  | taking damage. [Xom's mischief]
  2607 | D:2      | Lost mutation: You are robust. (+10% HP) [Xom's mischief]
  2607 | D:2      | Lost mutation: Your spells are a little harder to cast, but
                  | a little more powerful. [Xom's mischief]
  2608 | D:2      | Killed Natasha
  2853 | D:2      | XOM: summons 3 hostile demons
  2854 | D:2      | Noticed a chaos spawn
  2854 | D:2      | Noticed a sixfirhy
  2864 | D:3      | Slain by a gnoll

Illustrated notes

Levels and vault maps discovered:
D:1:      minmay_arrival_radiant_lines, layout_basic, serial_shops,
          nicolae_shop_competitors_out_of_business, serial_corexii_hall,
          corexii_hall_statues_s, chequers_hall_statues_y,
          corexii_hall_statues_deadend, minmay_domino_4
D:2:      wad_river_or_something, layout_loops_ring, uniq_robin, uniq_natasha
D:3:      layout_rooms, wad_orctagon

Skill      XL: |  1  2  3  4  5 |
---------------+----------------+-----
Fighting       | 4 |  4.5
Short Blades   | 4 5 |  5.0
Ranged Weapons | 2 |  2.0
Dodging        | |  2.1

Action                     |  1- 3 |  4- 6 || total
---------------------------+-------+-------++-------
  Melee: Short sword       |   119 |    47 ||   166
         Tailslap          |    11 |     7 ||    18
   Fire: Arbalest          |       |    67 ||    67
    Use: Scroll            |       |     3 ||     3
   Stab: Sleeping          |     4 |       ||     4
         Paralysed         |     1 |       ||     1
         Confused          |     1 |       ||     1
 Armour: Skin              |    62 |    52 ||   114
  Dodge: Dodged            |    52 |    57 ||   109

Table legend: (Time is in decaauts)
 A = Elapsed time spent in this place.
 B = Non-inter-level travel time spent in this place.
 C = Inter-level travel time spent in this place.
 D = Time resting spent in this place.
 E = Time spent auto-exploring this place.
 F = Levels seen in this place.
 G = Mean time per level.
                   A        B        C        D        E       F      G
               +--------+--------+--------+--------+--------+-----+--------+
         Total |   2899 |   2784 |    115 |    756 |   1505 |   3 |  966.3 |
       Dungeon |   2899 |   2784 |    115 |    756 |   1505 |   3 |  966.3 |
               +--------+--------+--------+--------+--------+-----+--------+

Top non-repeatable levels by time:
     D:1: 1538 daAuts
     D:2: 1325 daAuts
     D:3: 35 daAuts
